AoeStats
← Jennie

Pilgrims

507672969Analyzed
3v3 RM · 13d ago on Sep 19, 2026· 23m 39s· 6 players
Game mode
Random Map
Map size
Normal (6 player)
Population
200
Speed
Normal
Resources
Standard
Victory
Conquest
Starting age
Dark Age
Ending age
Imperial Age
RankedLock teamsTeams togetherTeam positionsShared explorationLock speedFull tech treeHidden civsTurbo modeCheats
Victory
Defeat
🇦🇺 Byzantines · Australia
950
+16
🇨🇱 Armenians · Chile
947
+16
🇨🇳 Britons · China
926
+17
🇨🇳 Saracens · China
982
-18
🇨🇳 Spanish · China
956
-17
893
-14
Clarkey912
10:27 Loom
12:38 Feudal Age
10:55 Loom
13:33 Fishing Lines
14:23 Double-Bit Axe
22:53 Castle Age
24:14 Medium Warships
weritox69
8:21 Loom
11:24 Feudal Age
11:35 Man-at-Arms
12:23 Town Watch
12:26 Fishing Lines
12:19 Long Swordsman
12:45 Arson
16:17 Stone Mining
21:34 Castle Age
20:12 Fletching
20:23 Padded Archer Armor
Leo
14:20 Feudal Age
22:10 Castle Age
Jennie
11:51 Feudal Age
14:42 Wheelbarrow
289487648
5:21 Loom
14:01 Feudal Age
21:10 Castle Age
19:36 Double-Bit Axe
20:30 Fletching
Alaric the Visigoth
4:42 Loom
11:08 Feudal Age
11:54 Double-Bit Axe
14:45 Castle Age
13:10 Fishing Lines
15:54 Medium Warships
15:56 Bow Saw
16:47 Wheelbarrow
17:16 Husbandry
17:10 Horse Collar
18:15 Scale Barding Armor
19:14 Hand Cart
20:07 Town Watch
20:54 Forging
22:36 Gillnets
Connection lost

Rejoining the realm…

Still unreachable

The connection could not be restored.

Session expired

The server has moved on; the page needs a fresh start.